 Dungeon Crawl Stone Soup version 0.16-a0-4112-g89a4107 (webtiles) character file.

417 Minkie the Insei (level 6, -1/51 HPs)
             Began as a Naga Transmuter on Feb 26, 2015.
             Was a Believer of Cheibriados.
             Slain by an orc priest
             ... wielding a +0 trident
              (13 damage)
             ... on level 4 of the Dungeon.
             The game lasted 00:24:46 (4621 turns).

Minkie the Insei (Naga Transmuter)                  Turns: 4621, Time: 00:24:47

Health: -1/51      AC:  2    Str: 18    XL:     6   Next: 93%
Magic:  9/10       EV: 20    Int: 21    God:    Cheibriados [**....]
Gold:   213        SH:  0    Dex: 26    Spells: 2 memorised, 5 levels left

rFire  . . .     SeeInvis +       - Unarmed
rCold  . . .     Clarity  .     c - melded +0 robe
rNeg   . . .     SustAb   .     (shield currently unavailable)
rPois  x         Gourm    .     (helmet currently unavailable)
rElec  .         Spirit   .     q - melded +0 cloak
rCorr  .         Warding  .     (gloves currently unavailable)
rMut   .         Stasis   .     x - melded +0 naga barding
MR     .....                    (no amulet)
Stlth  ++........               (no ring)
                                t - +3 ring of dexterity

@: spider-form, very slow, not resistant to hostile enchantments, unstealthy
A: spit poison, see invisible, (deformed body), (poison resistance), (slowness
0), AC +2
a: Spit Poison, End Transformation, Bend Time, Renounce Religion


You were on level 4 of the Dungeon.
You worshipped Cheibriados.
Cheibriados was pleased with you.
You were not hungry.
You were a venomous arachnid creature.
You visited 1 branch of the dungeon, and saw 4 of its levels.

You collected 213 gold pieces.

Inventory:

Missiles
 s - 95 stones (quivered)
Armour
 c - a +0 robe (melded)
 q - a +0 cloak (melded)
 x - a +0 naga barding (melded)
Jewellery
 t - a +3 ring of dexterity (left front leg)
Magical devices
 n - a wand of polymorph (0)
 C - a wand of fire (12)
Scrolls
 e - 3 scrolls of identify {unknown}
 h - a scroll of fog {unknown}
 i - a scroll of fear {unknown}
 k - a scroll of enchant armour {unknown}
 l - 2 scrolls of amnesia {unknown}
 o - a scroll of recharging {unknown}
 r - a scroll of immolation {unknown}
 u - a scroll of remove curse {unknown}
 w - a scroll of teleportation {unknown}
Potions
 b - a potion of haste {unknown}
 g - 3 potions of restore abilities {unknown}
 j - 3 potions of curing {unknown}
 m - a potion of resistance {unknown}
 p - a potion of flight {unknown}
 v - 2 potions of might {unknown}
 z - a potion of berserk rage {unknown}
Books
 d - a book of Changes

   Spells                             Type                      Level
   a - Beastly Appendage              Transmutation                1
   b - Sticks to Snakes               Transmutation                2
   c - Spider Form                    Transmutation/Poison         3
   d - Ice Form                       Ice/Transmutation            4
   e - Blade Hands                    Transmutation                5
 y - a book of Air

   Spells                             Type                      Level
   a - Shock                          Conjuration/Air              1
   b - Swiftness                      Charms/Air                   2
   c - Repel Missiles                 Charms/Air                   2
   d - Flight                         Charms/Air                   3
   e - Static Discharge               Conjuration/Air              3
   f - Lightning Bolt                 Conjuration/Air              5
Comestibles
 a - 3 bread rations
 f - a beef jerky
 B - a meat ration


   Skills:
 - Level 1.0 Fighting
 - Level 1.7 Dodging
 + Level 5.7 Unarmed Combat
 - Level 2.0 Spellcasting
 + Level 4.7 Transmutations
 - Level 2.0 Poison Magic


You had 5 spell levels left.
You knew the following spells:

 Your Spells              Type           Power        Failure   Level  Hunger
a - Beastly Appendage     Trmt           ###...       8%          1    #......
b - Spider Form           Trmt/Pois      ###.......   32%         3    ###....


Dungeon Overview and Level Annotations

Branches:
Dungeon (4/15)
 Temple: D:4-7

Altars:
Ashenzari
Cheibriados
Fedhas
Makhleb
Qazlal
Ru
Trog
Xom
Yredelemnul
Zin


Innate Abilities, Weirdness & Mutations

You cannot wear boots.
You can spit poison.
((Your serpentine skin is tough (AC +2).))
You have supernaturally acute eyesight.
((Armour fits poorly on your strangely shaped body.))
((Your system is resistant to poisons.))
((You cover ground very slowly.))


Message History

You hit the orc but do no damage. The orc completely misses you.
You barely miss the orc. You hit the orc.
The orc is lightly wounded.
The orc wizard gestures wildly while chanting.
The orc wizard seems to speed up.
You hit the orc priest.
The orc priest is poisoned.
The orc priest is almost dead.
You kill the orc priest!
Cheibriados thoroughly appreciates the change of pace.
Cheibriados raises the support of your attributes as your movement slows.
The orc barely misses you. The orc priest misses you.
The orc priest misses you.
You hit the orc priest.
The orc priest is poisoned.
The orc priest is moderately wounded.
The orc priest hits you with a dagger.
* * * LOW HITPOINT WARNING * * *
The orc closely misses you.
The orc priest hits you from afar with a trident!
You die...

#...... .## ###...#
#.####. .....#
#.#..... ....## ..#
##....). ##..#
...###...... ##.##
..........##...
###..###
#..=...)o..o.o..
.......##..#...)o#
..........###..os#
###.......###....# ..
###.......##...$.#..#
##.........#.<......#
##).................#
#.............####...#
...........#### #....
...#........### ..#
..###.........# #


You could see 2 orc priests and an orc.

Vanquished Creatures
  An ogre (D:4)
  2 orc priests
  A worker ant (D:4)
  An orc wizard (D:4)
  Terence (D:2)
  4 gnolls (D:3)
  7 adders
  4 worms
  3 oozes
  8 orcs
  3 ball pythons
  3 giant cockroaches
  8 goblins
  8 hobgoblins
  6 jackals
  7 kobolds
  2 quokkas
  12 bats
  3 giant geckos (D:3)
  7 giant newts
  8 rats
99 creatures vanquished.

Notes
Turn   | Place    | Note
--------------------------------------------------------------
     0 | D:1      | Minkie, the Naga Transmuter, began the quest for the Orb.
     0 | D:1      | Reached XP level 1. HP: 18/18 MP: 3/3
   351 | D:1      | Reached XP level 2. HP: 22/25 MP: 4/4
  1494 | D:2      | Reached XP level 3. HP: 28/31 MP: 4/6
  2075 | D:2      | Noticed Terence
  2099 | D:1      | Learned a level 3 spell: Spider Form
  2161 | D:2      | Killed Terence
  2221 | D:2      | Reached skill level 4 in Unarmed Combat
  2522 | D:2      | Reached XP level 4. HP: 36/38 MP: 0/7
  2668 | D:2      | Reached skill level 1 in Poison Magic
  2718 | D:2      | Found a bloodstained altar of Trog.
  2718 | D:2      | Found a basalt altar of Yredelemnul.
  2735 | D:2      | Found a glowing silver altar of Zin.
  2735 | D:2      | Found a shimmering altar of Xom.
  2735 | D:2      | Found a stormy altar of Qazlal.
  2739 | D:2      | Found a snail-covered altar of Cheibriados.
  2741 | D:2      | Found a shattered altar of Ashenzari.
  2747 | D:2      | Became a worshipper of Cheibriados the Contemplative
  2838 | D:2      | Found a burning altar of Makhleb.
  3213 | D:3      | Reached XP level 5. HP: 44/44 MP: 1/9
  3345 | D:3      | Found a blossoming altar of Fedhas.
  3698 | D:3      | Reached skill level 5 in Unarmed Combat
  3997 | D:3      | Reached XP level 6. HP: 49/51 MP: 6/10
  4035 | D:3      | Found a blossoming altar of Fedhas.
  4591 | D:4      | Found a sacrificial altar of Ru.
  4621 | D:4      | Slain by an orc priest

Action                   |  1- 3 |  4- 6 || total
-------------------------+-------+-------++-------
Melee: Unarmed           |   137 |   196 ||   333
Throw: Stone             |       |     4 ||     4
 Cast: Beastly Appendage |    23 |    23 ||    46
       Spider Form       |     2 |    14 ||    16
 Abil: Spit Poison       |       |     3 ||     3
       End Transformatio |       |     2 ||     2
 Stab: Sleeping          |     1 |     2 ||     3
  Eat: Chunk             |     6 |     8 ||    14
